 Dungeon Crawl Stone Soup version 0.30-b1-2-g02819fbbbe (webtiles) character file.

Game seed: 16866328510633706378

333 Metae the Trooper (level 6, -2/56 HPs)
             Began as a Minotaur Fighter on July 1, 2023.
             Slain by a lemure (6 damage)
             ... led by Pikel
             ... on level 4 of the Dungeon.
             The game lasted 00:07:39 (3165 turns).

Metae the Trooper (Minotaur Fighter)                Turns: 3165, Time: 00:07:40

Health: -2/56      AC:  9    Str: 22    XL:     6   Next: 27%
Magic:  5/5        EV:  9    Int:  5    God:
Gold:   207        SH:  5    Dex: 10    Spells: 5/5 levels left

rFire   . . .        o - +0 dagger (venom)
rCold   . . .        c - +0 buckler
rNeg    . . .        t - +0 chain mail
rPois   .            (helmet restricted)
rElec   .            (no cloak)
rCorr   .            (no gloves)
SInv    .            (no boots)
Will    .....        v - amulet of the acrobat Stlth
                     (no ring)
HPRegen 0.29/turn    (no ring)
MPRegen 0.09/turn

%: acrobat
@: no status effects
A: horns 2, retaliatory headbutt
a: no special abilities


You were on level 4 of the Dungeon.
You visited 1 branch of the dungeon, and saw 4 of its levels.
You also visited: Sewer.

You collected 207 gold pieces.

Inventory:

Hand Weapons
 a - a +0 rapier
 o - a +0 dagger of venom (weapon)
Missiles
 m - 6 poisoned darts (quivered)
 q - 6 boomerangs
Armour
 b - a +0 scale mail
 c - a +0 buckler (worn)
 t - a +0 chain mail (worn)
Jewellery
 l - an amulet of guardian spirit
 r - a ring of wizardry
 v - an amulet of the acrobat (around neck)
Scrolls
 i - 2 scrolls of fog {unknown}
 j - 5 scrolls of teleportation {unknown}
 k - a scroll of enchant weapon {unknown}
 s - 2 scrolls of identify {unknown}
Potions
 d - a potion of might
 e - 6 potions of curing
 f - 3 potions of flight
 g - 4 potions of haste {unknown}
 h - a potion of brilliance {unknown}
 n - a potion of heal wounds {unknown}
 p - a potion of degeneration {unknown}
 u - a potion of ambrosia {unknown}


   Skills:
 + Level 5.0 Fighting
 + Level 3.8 Short Blades
 + Level 4.9 Armour
 + Level 2.8 Dodging
 + Level 5.0 Shields


You had 5 spell levels left.
You didn't know any spells.
Your spell library contained the following spells:

 Spells                   Type           Power      Damage    Failure   Level
 Slow                     Hex            0%         N/A       98%         1
 Confusing Touch          Hex            0%         N/A       100%        3
 Frozen Ramparts          Ice            0%         1d1       100%        3
 Vampiric Draining        Necr           0%         2d6       100%        3
 Ice Form                 Ice/Tmut       0%         N/A       100%        4
 Summon Ice Beast         Ice/Summ       0%         N/A       100%        4


Dungeon Overview and Level Annotations

Branches:
Dungeon (4/15)              Sewer (visited)
 Temple: D:4-7

Altars:
Wu Jian

Annotations:
D:4 1 runed translucent door, Drakonis1988's ghost, weakling MiFi; Pikel


Innate Abilities, Weirdness & Mutations

You have a pair of horns on your head.
You reflexively headbutt those who attack you in melee.


Message History

The adder is heavily wounded.
The adder bites you but does no damage. The lemure closely misses you.
The lemure hits you.
You closely miss the adder.
The adder is severely wounded.
You block the adder's attack. The lemure hits you. x2
You hit the adder.
You kill the adder!
Your Shields skill increases to level 5!
The lemure hits you but does no damage. The lemure completely misses you.
Pikel zaps a wand.
The puff of flame misses you.
The puff of flame misses the lemure.
You closely miss Pikel. The lemure hits you but does no damage.
You block the lemure's attack.
Pikel zaps a wand.
The puff of flame hits you but does no damage.
The lemure barely misses you. The lemure hits you but does no damage.
You hit Pikel but do no damage.
Pikel is poisoned.
The lemure hits you. The lemure barely misses you. Pikel closely misses you.
The lemure hits you. The lemure barely misses you.
You closely miss Pikel. The lemure hits you. The lemure closely misses you.
Pikel zaps a wand.
The puff of flame hits you!
The lemure hits you but does no damage. x2
You hit Pikel but do no damage.
Pikel looks even sicker.
Your headbutt misses Pikel.
Pikel is lightly wounded.
The lemure barely misses you. You furiously retaliate!
You headbutt the lemure!
Pikel hits you with a +0 whip of flaming.
* * * LOW HITPOINT WARNING * * *
Pikel burns you.
* * * LOW HITPOINT WARNING * * *
The lemure hits you but does no damage. The lemure misses you.
You furiously retaliate!
You headbutt the lemure! The lemure hits you!
* * * LOW HITPOINT WARNING * * *
The lemure attacks as you move away! The lemure hits you.
* * * LOW HITPOINT WARNING * * *
The lemure attacks as you move away! The lemure hits you but does no damage.
The lemure misses you. You furiously retaliate!
You headbutt the lemure!
There is a stone staircase leading up here.
The lemure hits you but does no damage. The lemure hits you.
You die...

..........###.##.#.#
#.#......#.....†..#
..#.............#.#
#.#..#####.##.#.#.#
##.##.#####.##.#.#.#
.........>#......#.#
##.##.###.#.##.#.#.#
##.##.# #.#.##.#.#.#
.)†..####.......@#.######
.....#.♣#......555.......
.#...+?8#........#5#####.
.#...#W♣#........#.#
...^.####........#.#
.................#.#
.#.####.#...##.#.#.# ...#
#.#......#.#.# ####
#.#...#..#.#.#


You could see 4 lemures.

Vanquished Creatures
  A kobold brigand (Sewer)
  A scorpion (D:3)
  A hound (D:4)
  An orc priest (D:4)
  6 adders
  2 worms (D:3)
  A dart slug (D:1)
  8 orcs
  6 bats
  5 endoplasms
  5 giant cockroaches
  3 goblins
  4 hobgoblins
  A jackal (Sewer)
  9 kobolds
  6 quokkas
  4 ball pythons
  4 frilled lizards
  8 rats
76 creatures vanquished.

Notes
Turn   | Place    | Note
-------+----------+-------------------------------------------
     0 | D:1      | Metae the Minotaur Fighter began the quest for the Orb.
     0 | D:1      | Reached XP level 1. HP: 19/19 MP: 0/0
   142 | D:1      | Reached XP level 2. HP: 25/27 MP: 1/1
   456 | D:1      | Reached skill level 1 in Dodging
   618 | D:1      | Reached XP level 3. HP: 32/33 MP: 2/2
  1844 | D:3      | Found a faded altar of an unknown god.
  1928 | D:3      | Reached XP level 4. HP: 24/40 MP: 3/3
  1982 | D:3      | Found a glowing drain.
  2007 | Sewer    | Entered a sewer
  2073 | Sewer    | Noticed a kobold brigand
  2087 | Sewer    | Killed a kobold brigand
  2088 | Sewer    | Reached XP level 5. HP: 38/47 MP: 4/4
  2125 | Sewer    | Found a white marble altar of Elyvilon.
  2816 | D:3      | Found an ornate altar of the Wu Jian Council.
  3007 | D:4      | Found a runed translucent door.
  3007 | D:4      | Noticed Drakonis1988's ghost (weakling MiFi)
  3015 | D:4      | Reached XP level 6. HP: 55/55 MP: 5/5
  3038 | D:4      | Reached skill level 5 in Fighting
  3149 | D:4      | Noticed Pikel
  3159 | D:4      | Reached skill level 5 in Shields
  3165 | D:4      | Slain by a lemure

Illustrated notes

Levels and vault maps discovered:
D:1:      dpeg_arrival_tiny_i, layout_loops_corners, minmay_heptomino_o4
D:2:      minmay_wonky_spiral, layout_basic, minivault_11
D:3:      layout_loops_ring, general_overflow_altar,
          cheibrodos_sewer_entry_bend, ebering_ecumenical_altar_abandoned,
          dreamdust_mushroom_princess
D:4:      layout_basic, gammafunk_ghost_grave, uniq_pikel

Skill      XL: |  1  2  3  4  5  6 |
---------------+-------------------+-----
Dodging        | 1 2 |  2.8
Shields        | 4 5 |  5.0
Armour         | 4 |  4.9
Fighting       | 4 5 |  5.0
Short Blades   | 3 |  3.8

Action                     |  1- 3 |  4- 6 || total
---------------------------+-------+-------++-------
  Melee: Rapier            |   137 |    32 ||   169
         Headbutt          |    17 |    17 ||    34
         Dagger            |       |    89 ||    89
 Armour: Scale mail        |    83 |    12 ||    95
         Chain mail        |       |    35 ||    35
  Dodge: Dodged            |    84 |    48 ||   132
  Block: Buckler           |    37 |    26 ||    63
